 Dungeon Crawl Stone Soup version 0.21.1-1-g345015f (webtiles) character file.

1375 kae the Insei (level 8, -3/54 HPs)
             Began as an Octopode Transmuter on May 26, 2018.
             Splashed by a jelly's acid (6 damage)
             ... on level 6 of the Dungeon.
             The game lasted 00:06:37 (7799 turns).

kae the Insei (Octopode Transmuter)                 Turns: 7799, Time: 00:06:38

Health: -3/54      AC: -3    Str:  9    XL:     8   Next: 66%
Magic:  14/14      EV: 13    Int: 15    God:
Gold:   81         SH:  0    Dex: 15    Spells: 9/15 levels left

rFire    . . .     SeeInvis .     - Unarmed
rCold    . . .     Gourm    .   (no shield)
rNeg     . . .     Faith    .   (helmet restricted)
rPois    .         Spirit   .   (no amulet)
rElec    .         Reflect  .   (no ring)
rCorr    .         Harm     .   (no ring)
MR       .....                  (no ring)
Stlth    ++........             (no ring)
HPRegen  0.18/turn              (no ring)
MPRegen  0.14/turn              (no ring)
                                (no ring)
                                (no ring)

@: corroded
A: almost no armour, stealthy swim, amphibious, 8 rings, constrict 8, camouflage
1, gelatinous body 1
a: no special abilities


You were on level 6 of the Dungeon.
You were not hungry.

You visited 1 branch of the dungeon, and saw 6 of its levels.

You collected 195 gold pieces.
You spent 114 gold pieces at shops.

Inventory:

Missiles
 a - 87 arrows
Wands
 q - a wand of digging (12)
Scrolls
 e - a scroll of random uselessness {unknown}
 f - 3 scrolls of teleportation {unknown}
 h - a scroll of immolation {unknown}
 j - 3 scrolls of enchant weapon {unknown}
 k - 7 scrolls of identify {unknown}
 n - a scroll of fear {unknown}
 p - 3 scrolls of blinking {unknown}
 u - 4 scrolls of remove curse {unknown}
 v - a scroll of holy word {unknown}
 w - 3 scrolls of fog {unknown}
Potions
 d - a potion of haste
 g - a potion of might
 i - a potion of degeneration {unknown}
 l - 2 potions of ambrosia {unknown}
 m - a potion of curing
 o - a potion of experience {unknown}
 r - a potion of resistance {unknown}
 s - a potion of brilliance {unknown}
 t - a potion of invisibility {unknown}
 x - 3 potions of lignification {unknown}
 A - a potion of agility {unknown}
Books
 b - a book of Changes

   Spells                             Type                      Level
   a - Beastly Appendage              Transmutation                1
   b - Sticks to Snakes               Transmutation                2
   c - Spider Form                    Transmutation/Poison         3
   d - Ice Form                       Ice/Transmutation            4
   e - Blade Hands                    Transmutation                5
Comestibles
 c - 7 rations


   Skills:
 + Level 4.1 Fighting
 - Level 2.0 Dodging
 * Level 6.6 Unarmed Combat
 + Level 4.2 Spellcasting
 * Level 6.3 Transmutations


You had 9 spell levels left.
You knew the following spells:

 Your Spells              Type           Power        Failure   Level  Hunger
a - Beastly Appendage     Tmut           ###...       1%          1    None
b - Sticks to Snakes      Tmut           ###.....     1%          2    ##.....
c - Spider Form           Tmut/Pois      ##........   14%         3    ###....


Dungeon Overview and Level Annotations

Branches:
Dungeon (6/15)
 Temple: D:4-7

Altars:
Ashenzari
Cheibriados
Dithmenos
Gozag
Kikubaaqudgha
Makhleb
Trog
Xom

Shops:
D:4 *   D:5 (

Annotations:
D:3 Sigmund


Innate Abilities, Weirdness & Mutations

You cannot wear most types of armour.
You are very stealthy in the water. (Stealth+)
You are amphibious.
You can wear up to eight rings at the same time.
You can use your tentacles to constrict eight enemies at once.
Your skin changes colour to match your surroundings (Stealth+).
Your rubbery body absorbs attacks. (AC +1, EV +1)


Message History

You tentacle-slap the sky beast.
Your tentacle-slap misses the sky beast.
The sky beast is lightly wounded.
The sky beast hits you. The sky beast shocks you. The jelly hits you.
The acid corrodes you!
You are splashed with acid!
The acid burns!
You closely miss the sky beast. Your squeeze misses the sky beast.
The sky beast is lightly wounded.
The sky beast closely misses you. The jelly hits you.
You are splashed with acid!
The acid burns!
* * * LOW HITPOINT WARNING * * *
You barely miss the sky beast.
The sky beast is lightly wounded.
The sky beast hits you.
* * * LOW HITPOINT WARNING * * *
The sky beast shocks you.
* * * LOW HITPOINT WARNING * * *
The jelly hits you.
* * * LOW HITPOINT WARNING * * *
You are splashed with acid!
The acid burns!
You die...

####### .......
....... ##.......
#........
#########Y.......
#.......)@.......
#......)÷J.......
.......)..###....
.................
#.....#######.. .
##>..# #.... ##..
#..


You could see a sky beast and a jelly.

Vanquished Creatures
  Eustachio (D:5)
  Duvessa (D:5)
  A sky beast (D:5)
  2 big kobolds
  A bullfrog (D:6)
  Dowan (D:5)
  5 wights
  2 crimson imps (D:5)
  A bullfrog zombie (D:3)
  2 bullfrog skeletons (D:5)
  2 orc wizards (D:4)
  Ijyb (D:3)
  An iguana (D:4)
  4 worker ants (D:4)
  A hound zombie (D:5)
  7 gnolls
  6 adders
  An adder zombie (D:5)
  3 worms
  3 dart slugs
  3 leopard geckos
  12 orcs
  5 giant cockroaches
  9 goblins
  8 hobgoblins
  3 jackals (D:5)
  A quokka (D:5)
  3 bats
  3 frilled lizards
  A jackal skeleton (D:4)
  8 kobolds
  A leopard gecko zombie (D:5)
  7 rats
  2 plants (D:1)
112 creatures vanquished.

Vanquished Creatures (others)
  A plant (D:1)
1 creature vanquished.

Grand Total: 113 creatures vanquished

Notes
Turn   | Place    | Note
-------+----------+-------------------------------------------
     0 | D:1      | kae the Octopode Transmuter began the quest for the Orb.
     0 | D:1      | Reached XP level 1. HP: 13/13 MP: 3/3
   101 | D:1      | Reached XP level 2. HP: 13/18 MP: 5/5
   722 | D:1      | Reached XP level 3. HP: 23/23 MP: 6/6
  1400 | D:2      | Reached XP level 4. HP: 26/28 MP: 7/7
  1504 | D:2      | Found a snail-covered altar of Cheibriados.
  1627 | D:1      | Learned a level 2 spell: Sticks to Snakes
  1631 | D:1      | Learned a level 3 spell: Spider Form
  2198 | D:2      | Found an ancient bone altar of Kikubaaqudgha.
  2272 | D:3      | Noticed Ijyb
  2272 | D:3      | Noticed a big kobold
  2291 | D:3      | Killed a big kobold
  2291 | D:3      | Reached XP level 5. HP: 23/34 MP: 7/9
  2470 | D:3      | Killed Ijyb
  2503 | D:3      | Found a shimmering altar of Xom.
  2720 | D:3      | HP: 1/34 [poisoned by an adder]
  3063 | D:3      | Noticed Sigmund
  3171 | D:3      | Reached XP level 6. HP: 30/40 MP: 6/10
  3388 | D:3      | Found an opulent altar of Gozag.
  3491 | D:3      | Found a bloodstained altar of Trog.
  4320 | D:4      | Found Qaocris's Assorted Antiques.
  4328 | D:4      | Bought a scroll labeled YCREHO DO XEQI for 30 gold pieces
  4328 | D:4      | Bought a scroll labeled YSAINAUTODGH for 30 gold pieces
  4328 | D:4      | Bought a fizzy grey potion for 27 gold pieces
  4328 | D:4      | Bought a pink potion for 27 gold pieces
  4386 | D:4      | Reached skill level 5 in Unarmed Combat
  4386 | D:4      | Reached XP level 7. HP: 32/45 MP: 11/11
  5155 | D:3      | Found a shadowy altar of Dithmenos.
  5380 | D:5      | Entered Level 5 of the Dungeon
  5973 | D:5      | Reached skill level 5 in Transmutations
  6336 | D:5      | Reached XP level 8. HP: 21/52 MP: 13/13
  6552 | D:5      | Noticed Eustachio
  6554 | D:5      | Found a shattered altar of Ashenzari.
  6564 | D:5      | Killed Eustachio
  6795 | D:5      | Noticed Duvessa
  6795 | D:5      | Noticed Dowan
  6811 | D:5      | HP: 2/54 [something (5)]
  7086 | D:5      | Killed Duvessa
  7087 | D:5      | Killed Dowan
  7269 | D:5      | Found a burning altar of Makhleb.
  7318 | D:5      | Found Teneostre's Weapon Emporium.
  7799 | D:6      | Splashed by a jelly's acid

Skill      XL: |  1  2  3  4  5  6  7  8 |
---------------+-------------------------+-----
Transmutations | 3 4 5 6 |  6.3
Fighting       | 2 3 4 |  4.1
Unarmed Combat | 4 5 6 |  6.6
Spellcasting   | 3 4 |  4.2
Dodging        | |  2.0

Action                   |  1- 3 |  4- 6 |  7- 9 || total
-------------------------+-------+-------+-------++-------
Melee: Unarmed           |   148 |   143 |   146 ||   437
       Tentacles         |    27 |    25 |    34 ||    86
       Constrict         |    23 |    29 |    31 ||    83
       Punch             |     3 |     2 |     3 ||     8
       Kick              |       |     1 |    13 ||    14
 Cast: Beastly Appendage |     4 |     2 |     8 ||    14
       Spider Form       |       |     3 |       ||     3
       Sticks to Snakes  |       |     2 |     9 ||    11
  Use: Potion            |       |       |     4 ||     4
 Stab: Sleeping          |     6 |     7 |     3 ||    16
       Distracted        |       |       |     2 ||     2
  Eat: Chunk             |     2 |     8 |    10 ||    20
       Ration            |       |       |     1 ||     1
Armor: Skin              |     7 |     4 |     8 ||    19
Dodge: Dodged            |    45 |    84 |    84 ||   213
